 Dungeon Crawl Stone Soup version 0.31.0-32-g396128a36d (webtiles) character file.

Game seed: 9265327881757849182

150898 tizbic2 the Warrior (level 16, 0/160 HPs)
             Began as a Minotaur Gladiator on Apr 8, 2024.
             Was the Champion of Okawaru.
             Succumbed to a swamp dragon's poison gas
             ... on level 3 of the Swamp on Apr 10, 2024.
             The game lasted 01:49:19 (20878 turns).

tizbic2 the Warrior (Minotaur Gladiator)           Turns: 20878, Time: 01:49:20

Health: 0/160      AC: 43    Str: 25    XL:     16   Next: 76%
Magic:  31/31      EV: 17    Int:  5    God:    Okawaru [******]
Gold:   1595       SH:  5    Dex: 19    Spells: 15/15 levels left

rFire   . . .        a - +9 quarterstaff (drain)
rCold   . . .        (shield currently unavailable)
rNeg    . . .        N - +12 crystal plate armour of the Goldsmith {MP+9 Dex+2}
rPois   .            o - +0 hat of Contentment {Dex+3}
rElec   .            X - +2 cloak {rCorr}
rCorr   +            i - +1 pair of gloves of Bieluh Famu {Harm}
SInv    .            v - +0 pair of boots
Will    +....        R - amulet of reflection Stlth
                     Q - +5 ring of evasion
HPRegen 0.46/turn    T - ring of flight
MPRegen 0.22/turn

%: harm (+30% outgoing, +20% incoming), reflection
@: lethally poisoned (0 -> -10), flying
A: horns 2, retaliatory headbutt
a: Renounce Religion, Heroism, Finesse, Duel


You were on level 3 of the Swamp.
You worshipped Okawaru.
Okawaru was exalted by your worship.
You visited 5 branches of the dungeon, and saw 27 of its levels.
You also visited: Bailey.

You collected 2950 gold pieces.
You spent 1355 gold pieces at shops.

Inventory:

Hand Weapons
 a - a +9 quarterstaff of draining (weapon)
 w - the +7 lajatang of Order {silver, rMut}
   (Okawaru gifted it to you on level 12 of the Dungeon)

   rMut:      It protects you from mutation.
 L - the +5 halberd of No Interval {flame, rElec rPois rCorr SInv}
   (You found it on level 1 of the Swamp)

   rElec:     It insulates you from electricity.
   rPois:     It protects you from poison SInv: It lets you see invisible.
   rCorr:     It protects you from acid and corrosion.
Missiles
 d - 5 throwing nets
 e - 14 javelins
 B - a datura-tipped dart
 G - 16 boomerangs (quivered)
 J - 6 silver javelins
 S - 4 atropa-tipped darts
Armour
 i - the +1 pair of gloves of Bieluh Famu (worn) {Harm}
   (You bought it in a shop on level 2 of the Orcish Mines)

   Harm:      It increases damage dealt and taken.
 o - the +0 hat of Contentment (worn) {Dex+3}
   (You found it on level 11 of the Dungeon)

   Dex+3:     It affects your dexterity (+3).
 v - a +0 pair of boots (worn)
 N - the +12 crystal plate armour of the Goldsmith (worn) {MP+9 Dex+2}
   (Okawaru gifted it to you on level 12 of the Dungeon)

   Dex+2:     It affects your dexterity (+2).
   MP+9:      It affects your magic capacity (+9).
 W - a +6 plate armour of willpower
 X - a +2 cloak of preservation (worn)
Jewellery
 j - a +4 ring of slaying
 u - a ring of see invisible
 I - a +5 ring of evasion
 Q - a +5 ring of evasion (left hand)
 R - an amulet of reflection (around neck)
 T - a ring of flight (right hand)
 Y - the ring of Miracles {rPois rN+ rCorr Str-5 Dex+3}
   (You found it on level 12 of the Dungeon)

   [ring of resist corrosion]

   Str-5:     It affects your strength (-5).
   Dex+3:     It affects your dexterity (+3).
   rPois:     It protects you from poison rN+: It protects you from negative
   energy.
   rCorr:     It protects you from acid and corrosion.
Wands
 f - a wand of iceblast (16)
 r - a wand of mindburst (22)
 t - a wand of quicksilver (15)
 z - a wand of charming (3)
 F - a wand of digging (4)
 M - a wand of flame (33)
Scrolls
 c - 2 scrolls of enchant weapon
 h - 2 scrolls of amnesia
 k - 4 scrolls of blinking
 l - 3 scrolls of revelation
 n - 10 scrolls of fog
 p - a scroll of brand weapon
 q - 2 scrolls of noise
 s - 8 scrolls of teleportation
 K - 4 scrolls of poison
 P - a scroll of immolation {unknown}
 V - a scroll of fear
Potions
 b - 6 potions of ambrosia
 g - 4 potions of curing
 m - 5 potions of enlightenment
 x - 2 potions of cancellation
 y - a potion of lignification
 A - a potion of haste
 C - a potion of resistance
 D - a potion of magic
 E - a potion of mutation
 H - 3 potions of berserk rage
 O - 3 potions of might
 Z - 5 potions of attraction
Miscellaneous
 U - a phial of floods


   Skills:
 * Level 19.2 Fighting
 + Level 15.7 Staves
 + Level 11.7 Throwing
 * Level 15.1 Armour
 + Level 13.1 Dodging
 + Level 10.6 Invocations


You had 15 spell levels left.
You didn't know any spells.
Your spell library contained the following spells:

 Spells                   Type           Power      Damage    Failure   Level
 Apportation              Tloc           0%         N/A       100%        1
 Magic Dart               Conj           0%         1d3       100%        1
 Necrotise                Necr           0%         1d4       100%        1
 Sandblast                Erth           0%         2d4       100%        1
 Sting                    Conj/Alch      0%         1d3       100%        1
 Cigotuvi's Dreadful Rot  Necr/Alch/Air  0%         N/A       100%        2
 Ensorcelled Hibernation  Hex/Ice        0%         N/A       100%        2
 Searing Ray              Conj           0%         2d4       100%        2
 Fugue of the Fallen      Necr           0%         N/A       100%        3
 Inner Flame              Hex/Fire       0%         N/A       100%        3
 Ozocubu's Armour         Ice            0%         N/A       100%        3
 Anguish                  Hex/Necr       0%         N/A       100%        4
 Cause Fear               Hex            0%         N/A       100%        4
 Dimensional Bullseye     Hex/Tloc       0%         N/A       100%        4
 Dispel Undead            Necr           0%         3d6       100%        4
 Fulminant Prism          Conj/Alch      0%         3d5       100%        4
 Ignite Poison            Fire/Alch      0%         N/A       100%        4
 Sticky Flame             Fire/Alch      0%         2d4       100%        4
 Fireball                 Conj/Fire      0%         3d3       100%        5
 Irradiate                Conj/Alch      0%         3d11      100%        5
 Metabolic Englaciation   Hex/Ice        0%         N/A       100%        5
 Ignition                 Fire           0%         3d3       100%        8
 Summon Small Mammal      Summ           Unusable   N/A       N/A         1
 Martyr's Knell           Necr/Summ      Unusable   N/A       N/A         4
 Death Channel            Necr           Unusable   N/A       N/A         6
 Sculpt Simulacrum        Ice/Alch       Unusable   N/A       N/A         6
 Dragon's Call            Summ           Unusable   N/A       N/A         9

Dungeon Overview and Level Annotations

Branches:
Dungeon (15/15)            Temple (1/1) D:4            Lair (5/5) D:8
  Swamp (4/4) Lair:2        Snake (0/4) Lair:2        Slime (0/5) Lair:5
    Orc (2/2) D:11            Elf (0/3) Orc:2        Vaults (0/5) D:14
 Depths (0/4) D:15         Bailey (visited)

Altars:
Ashenzari
Cheibriados
Dithmenos
Elyvilon
Fedhas
Gozag
Hepliaklqana
Kikubaaqudgha
Makhleb
Nemelex Xobeh
Okawaru
Qazlal
Ru
Sif Muna
Trog
Uskayaw
Vehumet
Wu Jian
Xom
Yredelemnul
Zin
The Shining One
Jiyva

Shops:
D:4 *   D:8 [   D:15 :   Orc:2 *:*[

Portals:
Trove: D:10 (give +4 demon whip)

Annotations:
D:14 3 runed translucent doors, PaiMei's ghost, journeyman DsNe
Swamp:4 Donald


Innate Abilities, Weirdness & Mutations

You have a pair of horns on your head.
You reflexively headbutt those who attack you in melee.


Message History

You feel better.
You are engulfed in poison gas.
You are poisoned.
* * * LOW HITPOINT WARNING * * *
You feel very sick.
The eight-headed hydra bites you but does no damage.
The eight-headed hydra misses you.
The eight-headed hydra bites you but does no damage. x2
The eight-headed hydra closely misses you.
The eight-headed hydra bites you but does no damage.
The eight-headed hydra bites you!
* * * LOW HITPOINT WARNING * * *
The eight-headed hydra bites you but does no damage.
* * * LOW HITPOINT WARNING * * *
You feel very sick.
The eight-headed hydra attacks as it pursues you!
The eight-headed hydra bites you but does no damage.
The eight-headed hydra closely misses you.
The eight-headed hydra bites you but does no damage. x2
The eight-headed hydra misses you.
The eight-headed hydra barely misses you.
You block the eight-headed hydra's attack.
The eight-headed hydra bites you but does no damage.
You feel better.
The eight-headed hydra closely misses you.
The eight-headed hydra misses you. The eight-headed hydra bites you.
* * * LOW HITPOINT WARNING * * *
The eight-headed hydra misses you.
The eight-headed hydra bites you but does no damage. x3
The eight-headed hydra bites you!
* * * LOW HITPOINT WARNING * * *
Blink to where?
Press: ? - help, Dir - move target
As you read the scroll of blinking, it crumbles to dust.
The swamp dragon breathes poison at you.
You are engulfed in poison gas.
You are lethally poisoned!
* * * LOW HITPOINT WARNING * * *
x2 You feel very sick.
You fly upwards.
You die...

..~~~...~~.♣ ♣~~♣~~~~~~~~.♣.~♣...
..~†...~~~.♣♣♣♣♣♣.~~~.~~§.~~§~♣♣~
♣♣~....~~~~~♣ ♣..~§~~~~~~~~.♣♣♣§
~.<....~~~~.♣♣♣ ♣.~~~~~~.♣~.~♣ ♣♣
.~~[.♣♣.~~....♣♣♣..~~~.♣♣♣♣♣♣♣
.~~~.♣♣♣..~~>.♣.~~..~.♣♣ ♣♣§♣♣♣♣♣
~~.~.♣♣♣♣♣~~~~~~~.~♣♣♣♣ ♣♣.~.♣♣~♣
~~~....♣♣♣.~~~~~.....♣♣ ♣~~~.~)..
~♣.~~~~.♣♣~~.~~.@~~~~.♣ ♣♣.~~~~~.
~..~~~~~♣♣♣♣~~~.~~~~~.♣♣♣♣.~~~§~.
..~~~~~.♣ ♣~~~.§♣.....♣♣~§~~~.~.~
†.~~~~.♣♣♣♣~....~♣...~♣♣~~§~~~..♣
§~.~~....♣♣♣♣♣....~~....~~~~~..♣♣
..~~~~~~~§♣ ♣~~~.~~~......~..♣♣
.~~~~..~§♣♣♣♣♣~~~~~~~...~♣~.~♣♣
~........~.~.~~~~.~♣♣.~~~.~~.♣♣♣
♣♣♣....~.♣~.~....~♣♣~~~~~~~~~..♣


There were no monsters in sight!

Vanquished Creatures
  An orc warlord (Orc:2)
  A very ugly thing (D:14)
  4 bunyips
  3 eleionomae
  A dire elephant (D:15)
  A shambling mangrove (Swamp:1)
  An ogre mage (D:15)
  23 hydras
  7 alligators
  A catoblepas (D:14)
  Erica (D:8)
  4 boulder beetles
  3 centaur warriors
  11 two-headed ogres
  2 dancing weapons (D:14)
  A hell hog (Lair:5)
  A tengu warrior (D:13)
  7 orc high priests
  3 occultists
  3 skysharks
  2 spriggan druids (Swamp:1)
  A deep elf archer (Orc:2)
  3 swamp dragons
  A bog body (Swamp:3)
  9 orc knights
  4 orc sorcerers
  11 ugly things
  3 cyclopes
  A deep elf pyromancer (Orc:2)
  An oklob plant (D:8)
  A wolf spider (D:15)
  4 will-o-the-wisps
  Maurice (D:11)
  16 elephants
  A meliai (shapeshifter) (D:14)
  3 meliai (D:13)
  6 black mambas
  3 manticores
  3 kobold blastminers (Orc:2)
  Maggie (D:8)
  A gargoyle (D:11)
  Jeremiah (D:7)
  10 cane toads
  3 unseen horrors
  An efreet (D:15)
  3 rime drakes
  4 komodo dragons
  2 kobold demonologists
  A queen bee (D:13)
  11 polar bears
  7 hornets
  4 tyrant leeches
  6 trolls
  2 raiju (Lair:5)
  23 blink frogs
  16 slime creatures
  7 spriggans
  A shadow (D:11)
  An air elemental (D:13)
  A wraith (D:12)
  61 yaks
  A vampire (D:8)
  11 wyverns
  6 basilisks
  The ghost of community the Poker, an amateur MfGl of Gozag (D:5)
  7 wargs
  Grum (D:8)
  2 steam dragons
  2 vampire mosquitoes (D:14)
  12 swamp worms
  An acid dragon (D:11)
  3 nagas (Lair:2)
  14 water moccasins
  15 hell hounds (Lair:5)
  13 black bears
  6 sky beasts
  A boggart (shapeshifter) (D:15)
  An ice beast (D:7)
  42 orc warriors
  2 laughing skulls (D:15)
  5 swamp drakes
  11 ogres
  27 wolves
  5 centaurs
  2 phantoms
  A kobold brigand (D:10)
  12 bullfrogs
  7 scorpions
  14 wights
  26 killer bees
  A howler monkey (D:8)
  7 electric eels (Bailey)
  4 jellies
  37 orc priests
  2 sleepcaps
  A gnoll bouda (D:8)
  An iguana (D:8)
  19 orc wizards
  29 gnolls
  3 adders
  A shadow imp (D:6)
  A white imp (D:6)
  2 ufetubi (D:5)
  7 dart slugs
  4 ribbon worms
  74 orcs
  7 bats
  4 endoplasms
  3 giant cockroaches
  14 goblins
  8 hobgoblins
  6 jackals
  11 kobolds
  3 quokkas
  6 ball pythons
  2 frilled lizards
  2 rats
830 creatures vanquished.

Vanquished Creatures (others)
  A bloated husk (Swamp:4)
  A hornet (Swamp:4)
  4 foxfires (Swamp:3)
6 creatures vanquished.

Grand Total: 836 creatures vanquished

Notes
Turn   | Place    | Note
-------+----------+-------------------------------------------
     0 | D:1      | tizbic2 the Minotaur Gladiator began the quest for the Orb.
     0 | D:1      | Reached XP level 1. HP: 18/18 MP: 0/0
    76 | D:1      | Reached XP level 2. HP: 25/25 MP: 1/1
   912 | D:2      | Reached XP level 3. HP: 28/30 MP: 2/2
  1131 | D:2      | Reached skill level 3 in Fighting
  1648 | D:3      | Reached XP level 4. HP: 38/38 MP: 3/3
  1950 | D:3      | Reached skill level 5 in Staves
  1950 | D:3      | Reached XP level 5. HP: 9/45 MP: 4/4
  2230 | D:3      | Reached skill level 5 in Dodging
  2576 | D:4      | Reached XP level 6. HP: 48/52 MP: 5/5
  2632 | D:4      | Found a staircase to the Ecumenical Temple.
  2644 | Temple   | Entered the Ecumenical Temple
  2673 | Temple   | Became a worshipper of Warmaster Okawaru
  2922 | D:4      | Found a shimmering altar of Xom.
  3139 | D:4      | Found Ydegent's Serpentskin Sales.
  3159 | D:4      | Reached skill level 4 in Fighting
  3225 | D:5      | Entered Level 5 of the Dungeon
  3234 | D:5      | Got the Parchment of Destiny
  3316 | D:5      | Found a glowing golden altar of the Shining One.
  3430 | D:5      | Reached XP level 7. HP: 52/59 MP: 6/6
  3479 | D:5      | Found a runed translucent door.
  3479 | D:5      | Noticed community's ghost (amateur MfGl)
  3707 | D:5      | Killed community's ghost
  3707 | D:5      | Reached * piety under Okawaru
  4090 | D:6      | Reached skill level 1 in Invocations
  4158 | D:5      | Reached skill level 5 in Fighting
  4158 | D:5      | Reached XP level 8. HP: 64/68 MP: 8/8
  4197 | D:5      | Reached ** piety under Okawaru
  4328 | D:6      | Found a sacrificial altar of Ru.
  4609 | D:6      | Reached skill level 6 in Fighting
  4609 | D:6      | Reached skill level 5 in Throwing
  4612 | D:6      | Reached *** piety under Okawaru
  4913 | D:7      | Reached XP level 9. HP: 56/75 MP: 10/10
  5105 | D:7      | Noticed Jeremiah
  5175 | D:7      | Killed Jeremiah
  5388 | D:7      | Noticed a kobold demonologist
  5398 | D:7      | Killed a kobold demonologist
  5844 | D:8      | Noticed Erica
  5859 | D:7      | Reached skill level 10 in Staves
  6032 | D:8      | Found Budoish's Antique Armour Boutique.
  6044 | D:8      | Bought a shiny chain mail for 172 gold pieces
  6058 | D:8      | Noticed Maggie
  6067 | D:8      | Killed Maggie
  6067 | D:8      | Reached **** piety under Okawaru
  6068 | D:8      | Reached skill level 7 in Fighting
  6093 | D:8      | Killed Erica
  6094 | D:8      | Reached XP level 10. HP: 82/86 MP: 12/12
  6127 | D:8      | Reached ***** piety under Okawaru
  6186 | D:8      | Reached skill level 5 in Invocations
  6392 | D:8      | Found a staircase to the Lair.
  6486 | D:8      | Reached skill level 8 in Fighting
  6619 | D:8      | Found an opulent altar of Gozag.
  6909 | D:8      | Found a shadowy altar of Dithmenos.
  6978 | D:8      | Found a blossoming altar of Fedhas.
  6984 | D:8      | Noticed Grum
  7012 | D:8      | Killed Grum
  7161 | D:8      | Noticed an oklob plant
  7238 | D:8      | Killed an oklob plant
  7640 | D:9      | Received a gift from Okawaru
  7695 | D:9      | Noticed a two-headed ogre
  7712 | D:9      | Killed a two-headed ogre
  7713 | D:9      | Reached skill level 1 in Armour
  7713 | D:9      | Reached XP level 11. HP: 56/95 MP: 14/14
  8299 | D:10     | Entered Level 10 of the Dungeon
  8299 | D:10     | Noticed a centaur warrior
  8309 | D:10     | Killed a centaur warrior
  8310 | D:10     | Reached skill level 9 in Fighting
  8521 | D:10     | Found a portal to a secret trove of treasure.
  8602 | D:10     | Found a flagged portal.
  8643 | D:10     | Received a gift from Okawaru
  8671 | Bailey   | Entered a bailey
  8700 | Bailey   | Noticed an orc knight
  8714 | Bailey   | Killed an orc knight
  8864 | Bailey   | Noticed an orc high priest
  8866 | Bailey   | Noticed a sixfirhy
  8871 | Bailey   | Noticed a sixfirhy
  8909 | Bailey   | Killed an orc high priest
  9468 | Bailey   | Reached skill level 10 in Fighting
  9554 | Bailey   | Found an iron altar of Okawaru.
  9556 | Bailey   | Noticed an orc knight
  9577 | Bailey   | Killed an orc knight
  9578 | Bailey   | Reached skill level 5 in Armour
  9824 | D:10     | Reached skill level 13 in Fighting
  9824 | D:10     | Reached XP level 12. HP: 116/116 MP: 15/15
  9923 | D:10     | Found a shimmering blue altar of Sif Muna.
  9926 | D:10     | Found a bloodstained altar of Trog.
 10028 | D:10     | Identified the ring of Bemic Ewa {Wiz rPois Dex+2}
 10306 | D:11     | Noticed a boulder beetle
 10325 | D:11     | Killed a boulder beetle
 10369 | D:11     | Reached skill level 14 in Fighting
 10423 | D:11     | Found a transporter.
 10425 | D:11     | Found a transporter.
 10540 | D:11     | Found a staircase to the Orcish Mines.
 10644 | D:11     | Identified a scroll of acquirement
 10644 | D:11     | Acquired 366 gold pieces
 10674 | D:11     | Received a gift from Okawaru
 10758 | D:11     | Identified the ring "Ceybal" {rPois rC+ Str+3 Slay-4}
 10876 | D:11     | Reached skill level 10 in Dodging
 10900 | D:11     | Identified the +0 hat of Contentment {Dex+3}
 10957 | D:11     | Noticed Maurice
 10962 | D:11     | Maurice stole a phial of floods
 10966 | D:11     | Killed Maurice
 10967 | D:11     | Reached XP level 13. HP: 121/125 MP: 17/17
 11578 | D:12     | Received a gift from Okawaru
 11736 | D:12     | Reached ****** piety under Okawaru
 11752 | D:12     | Acquired the +7 lajatang of Order {silver, rMut}
 11752 | D:12     | Received a gift from Okawaru
 11752 | D:12     | Found the +7 lajatang of Order {silver, rMut}
 11756 | D:12     | Acquired the +12 crystal plate armour of the Goldsmith
                  | {MP+9 Dex+2}
 11756 | D:12     | Received a gift from Okawaru
 11975 | D:12     | Identified the ring of Miracles {rPois rN+ rCorr Str-5
                  | Dex+3}
 12503 | D:13     | Reached skill level 15 in Fighting
 12669 | D:13     | Received a gift from Okawaru
 13137 | D:14     | Received a gift from Okawaru
 13179 | D:14     | Found a runed translucent gate.
 13180 | D:14     | Found a runed translucent gate.
 13180 | D:14     | Found an ancient bone altar of Kikubaaqudgha.
 13181 | D:14     | Found a runed translucent gate.
 13181 | D:14     | Noticed a lich
 13181 | D:14     | Noticed a lich
 13182 | D:14     | Noticed a lich
 13182 | D:14     | Noticed PaiMei's ghost (journeyman DsNe)
 13182 | D:14     | Noticed a lich
 13334 | D:14     | Found a gate to the Vaults.
 13426 | D:14     | Reached XP level 14. HP: 95/136 MP: 19/19
 13671 | D:14     | Noticed a red very ugly thing
 13686 | D:14     | Reached skill level 10 in Armour
 13696 | D:14     | Killed a red very ugly thing
 13696 | D:14     | Received a gift from Okawaru
 13948 | D:14     | Reached skill level 16 in Fighting
 14054 | D:15     | Entered Level 15 of the Dungeon
 14166 | D:15     | Found Buskigyr's Book Shoppe.
 14477 | D:15     | Found a staircase to the Depths.
 14485 | D:15     | Received a gift from Okawaru
 14601 | D:15     | Found a blossoming altar of Fedhas.
 14849 | Orc:1    | Entered Level 1 of the Orcish Mines
 14959 | Orc:2    | Entered Level 2 of the Orcish Mines
 15152 | Orc:2    | Found a staircase to the Elven Halls.
 15520 | Orc:2    | Noticed an orc warlord
 15526 | Orc:2    | Reached skill level 10 in Throwing
 15533 | Orc:2    | Killed an orc warlord
 15546 | Orc:2    | Received a gift from Okawaru
 15593 | Orc:2    | Identified the +0 chain mail of the Mpinguari {*Slow rElec
                  | Will- Str+6}
 15841 | Orc:2    | Reached skill level 17 in Fighting
 16061 | Orc:2    | Reached XP level 15. HP: 147/147 MP: 20/20
 16093 | Orc:2    | Found Pixkocze's Antique Armour Shoppe.
 16093 | Orc:2    | Found Igefasuff's Assorted Antiques.
 16094 | Orc:2    | Found Ureaw's Assorted Antiques.
 16094 | Orc:2    | Found Fekahaets's Book Shoppe.
 16106 | Orc:2    | Bought a pair of faintly humming gloves for 228 gold pieces
 16106 | Orc:2    | Identified the +1 pair of gloves of Bieluh Famu {Harm} (You
                  | bought it in a shop on level 2 of the Orcish Mines)
 16118 | Orc:2    | Bought a runed cloak for 180 gold pieces
 16134 | Orc:2    | Bought a scroll of identify for 54 gold pieces
 16134 | Orc:2    | Bought a scroll of blinking for 202 gold pieces
 16134 | Orc:2    | Bought a scroll of identify for 54 gold pieces
 16139 | Orc:2    | Bought a scroll of teleportation for 93 gold pieces
 16139 | Orc:2    | Bought a potion of might for 124 gold pieces
 16139 | Orc:2    | Bought a potion of berserk rage for 155 gold pieces
 16139 | Orc:2    | Bought a scroll of teleportation for 93 gold pieces
 16640 | Lair:1   | Entered Level 1 of the Lair of Beasts
 16647 | Lair:1   | Received a gift from Okawaru
 16752 | Lair:2   | Found a staircase to the Swamp.
 17046 | Lair:5   | Entered Level 5 of the Lair of Beasts
 17254 | Lair:5   | Found a viscous altar of Jiyva.
 17299 | Lair:5   | Received a gift from Okawaru
 17608 | Lair:5   | Reached skill level 18 in Fighting
 17662 | Lair:5   | Got an earthy gem with 2819 turns to spare
 17682 | Lair:5   | Received a gift from Okawaru
 17822 | Lair:5   | Found a staircase to the Slime Pits.
 18083 | Lair:4   | Reached skill level 15 in Staves
 18516 | Lair:4   | Received a gift from Okawaru
 18517 | Lair:4   | Reached XP level 16. HP: 157/157 MP: 22/22
 18662 | Lair:3   | Reached skill level 10 in Invocations
 19248 | Lair:2   | You fall into a shaft and drop 1 floor!
 19358 | Lair:2   | Found a staircase to the Snake Pit.
 19421 | Swamp:1  | Entered Level 1 of the Swamp
 19553 | Swamp:1  | Identified the +5 halberd of No Interval {flame, rElec
                  | rPois rCorr SInv}
 19641 | Swamp:1  | Received a gift from Okawaru
 19810 | Swamp:4  | Entered Level 4 of the Swamp
 20010 | Swamp:3  | Received a gift from Okawaru
 20193 | Swamp:4  | Noticed Donald
 20199 | Swamp:3  | Reached skill level 19 in Fighting
 20682 | Swamp:3  | Reached skill level 15 in Armour
 20875 | Swamp:4  | HP: 7/160 [eight-headed hydra (12)]
 20877 | Swamp:4  | HP: 3/160 [poisoned by a swamp dragon (poison gas)]
 20878 | Swamp:3  | Succumbed to a swamp dragon's poison gas

Illustrated notes

Levels and vault maps discovered:
D:1:      lordsloth_arrival_two_stooges, layout_basic
D:2:      layout_basic, minmay_quadrilaterals
D:3:      layout_loops_ring, kennysheep_generic_room_4
D:4:      layout_loops_cross, regret_index_xom_buried_treasure,
          minmay_temple_entry_crystal_x, guppyfry_shop_venom
D:5:      layout_cave_pods, tso_oasis_becter, gammafunk_ghost_grave
D:6:      layout_rooms, mainiacjoe_overflow_concentric_impassable,
          minmay_misc_feat_secret_circle
D:7:      layout_gridville, uniq_jeremiah
D:8:      layout_rooms, grunt_dithmenos_shadows, tgw_fedhas,
          mainiacjoe_overflow_six_doors_small, minmay_lair_entry_grove,
          serial_shops, shop, uniq_grum, uniq_erica, uniq_maggie
D:9:      layout_irregular_city
D:10:     layout_basic, hellmonk_overflow_destroyed_library, enter_bailey_5,
          nicolae_trove_entry_free_sample
D:11:     gammafunk_beogh_shrine, layout_loops_cross, david_orc_1_choice,
          hive_lemuel, uniq_maurice
D:12:     layout_layer_cave, worms_lemuel
D:13:     layout_roguey [special_room_bee], dreamdust_looks_like_rain
D:14:     cheibrodos_breeding_chamber, layout_long_grid, erik_vaults_1,
          gammafunk_ghost_crypt
D:15:     hangedman_depths_entry_try_elsewhere_first, layout_irregular_city,
          basic_altar, serial_shops, shop, kennysheep_four_rooms
Temple:   nicolae_temple_bog_church
Lair:1:   regret_index_malice_mire, layout_hall_layers, gauntlet_entry_generic,
          grunt_megastairs_5
Lair:2:   layout_cave_shapes, swamp_mist, nicolae_snake_entry_squirm,
          beast_lair_carwin_7
Lair:3:   layout_chaotic_city
Lair:4:   layout_regular_city
Lair:5:   hangedman_lair_caniforms_friends, layout_loops_ring, wormcave,
          minmay_slime_entry_pillars, pdpol_lair_neglected_garden
Swamp:1:  layout_falls_marsh, hangedman_swamp_ruin_hall, swamp_pool_5
Swamp:2:  layout_basic_swamp, gammafunk_ghost_cemetery, nicolae_swamp_oxbows,
          swamp_pool_1_2, nicolae_swamp_wisp_ring_woods,
          nicolae_swamp_decorative_isthmus, uniq_louise
Swamp:3:  layout_basic_swamp, evilmike_swamp_ruin_wall, grunt_lady_of_the_lake
Swamp:4:  swamp_basic_johnstein, layout_basic_swamp, nicolae_swamp_godswood,
          infiniplex_staircase_pool_2, uniq_donald
Orc:1:    layout_caves
Orc:2:    st_orc_pillars, layout_diamond_mine, elf_legates

Skill      XL: |  1  2  3  4  5  6  7  8  9 10 11 12 13 14 15 16 |
---------------+-------------------------------------------------+-----
Staves         | 4 5 6 7 9 10 12 13 14 15 | 15.7
Dodging        | 4 5 6 7 8 9 10 11 12 13 | 13.1
Fighting       | 3 4 5 6 7 8 13 14 15 17 18 19 | 19.2
Throwing       | 3 4 5 6 7 8 9 10 11 | 11.7
Invocations    | 1 3 4 5 6 7 8 9 10 | 10.6
Armour         | 1 5 6 9 12 13 15 | 15.1

Action                     |  1- 3 |  4- 6 |  7- 9 | 10-12 | 13-15 | 16-18 || total
---------------------------+-------+-------+-------+-------+-------+-------++-------
  Melee: Quarterstaff      |    72 |   100 |   158 |   501 |   112 |    91 ||  1034
         Headbutt          |    14 |    17 |    24 |   119 |   222 |    73 ||   469
         Lajatang          |       |       |       |       |   887 |   132 ||  1019
         Halberd           |       |       |       |       |       |    56 ||    56
  Throw: Dart              |       |       |       |     4 |     4 |       ||     8
         Boomerang         |       |       |       |    31 |   188 |    47 ||   266
         Javelin           |       |       |       |     2 |     6 |     1 ||     9
 Invoke: Receive Weapon    |       |       |       |       |     1 |       ||     1
         Receive Armour    |       |       |       |       |     1 |       ||     1
  Evoke: Wand              |       |       |       |     2 |       |       ||     2
    Use: Scroll            |     1 |     2 |     4 |    18 |    17 |     5 ||    47
         Potion            |       |       |     1 |     1 |     9 |     4 ||    15
   Stab: Invisible         |       |       |       |       |     2 |       ||     2
 Armour: Leather armour    |    40 |       |       |       |       |       ||    40
         Ring mail         |       |    32 |    55 |       |       |       ||    87
         Scale mail        |       |       |    22 |       |       |       ||    22
         Chain mail        |       |       |     4 |   167 |       |       ||   171
         Plate armour      |       |       |       |    74 |    26 |       ||   100
         Crystal plate arm |       |       |       |       |   504 |   350 ||   854
  Dodge: Dodged            |    44 |    94 |   130 |   360 |   741 |   301 ||  1670
  Block: Other             |       |       |       |    61 |   178 |    71 ||   310
         Reflection        |       |       |       |     5 |     7 |     1 ||    13
